 Dungeon Crawl Stone Soup version 0.30-a0-367-g839099abd5 (webtiles) character file.

Game seed: 7459261684697233073

17630 Bnni the Impaler (level 12, 0/102 HPs)
             Began as a Formicid Fighter on Nov 18, 2022.
             Was an Initiate of Yredelemnul.
             Slain by a vampire (5 damage)
             ... on level 11 of the Dungeon.
             The game lasted 00:27:52 (10769 turns).

Bnni the Impaler (Formicid Fighter)                Turns: 10769, Time: 00:27:53

Health: 0/102      AC: 14    Str: 27    XL:     12   Next: 85%
Magic:  14/15      EV: 10    Int:  7    God:    Yredelemnul [......]
Gold:   1048       SH: 11    Dex: 13    Spells: 11/11 levels left

rFire   . . .      SeeInvis +    H - +0 halberd
rCold   . . .      Faith    +    I - +0 kite shield
rNeg    . . .      Spirit   .    h - +0 plate armour
rPois   .          Reflect  .    (helmet unavailable)
rElec   .          Harm     .    p - +0 cloak
rCorr   +          Rampage  .    a - +0 pair of gloves
Will    +....                    k - +0 pair of boots
Stlth   ..........               K - amulet of faith
HPRegen 0.37/turn                t - +4 ring of evasion
MPRegen 0.14/turn                A - ring of resist corrosion

@: studying Hexes
A: permanent stasis, dig shafts and tunnels, antennae 3, four strong arms
a: Dig, Shaft Self, Renounce Religion, Recall Undead Harvest


You were on level 11 of the Dungeon.
You worshipped Yredelemnul.
Yredelemnul was noncommittal.
You visited 2 branches of the dungeon, and saw 12 of its levels.
You also visited: Ossuary and Bailey.

You collected 1448 gold pieces.
You spent 400 gold pieces at shops.

Inventory:

Hand Weapons
 H - a +0 halberd (weapon)
 N - a +0 scimitar of flaming
Missiles
 l - 40 poisoned darts (quivered)
 w - 20 boomerangs
 E - 3 datura-tipped darts
Armour
 a - a +0 pair of gloves (worn)
 h - a +0 plate armour (worn)
 k - a +0 pair of boots (worn)
 p - a +0 cloak (worn)
 I - a +0 kite shield (worn)
Jewellery
 c - a ring of protection from fire
 m - a ring of ice
 o - a ring of ice
 t - a +4 ring of evasion (left hand)
 A - a ring of resist corrosion (right hand)
 K - an amulet of faith (around neck)
Wands
 f - a wand of digging (8)
 r - a wand of charming (5)
 s - a wand of iceblast (14)
 z - a wand of flame (26)
 M - a wand of mindburst (14)
Scrolls
 b - 3 scrolls of amnesia
 e - 2 scrolls of butterflies
 i - 2 scrolls of silence
 j - a scroll of magic mapping
 n - 3 scrolls of enchant weapon
 q - 2 scrolls of immolation
 y - 5 scrolls of enchant armour {unknown}
 D - a scroll of brand weapon
 F - a scroll of summoning
 J - a scroll of vulnerability
Potions
 d - 3 potions of might
 u - 2 potions of resistance
 v - 3 potions of brilliance
 x - 4 potions of flight
 C - 2 potions of lignification
 G - a potion of magic
 L - a potion of mutation {unknown}
 O - a potion of experience {unknown}
Miscellaneous
 B - a phial of floods


   Skills:
 + Level 12.2 Fighting
 * Level 15.1 Polearms
 - Level 3.2 Armour
 - Level 10.0 Shields
 + Level 5.0 Invocations


You had 11 spell levels left.
You didn't know any spells.
Your spell library contained the following spells:

 Spells                   Type           Power      Damage    Failure   Level
 Shock                    Conj/Air       0%         1d3       100%        1
 Cigotuvi's Dreadful Rot  Necr/Pois/Air  0%         N/A       100%        2
 Ensorcelled Hibernation  Hex/Ice        0%         N/A       100%        2
 Poisonous Vapours        Pois/Air       0%         N/A       100%        2
 Scorch                   Fire           0%         2d5       100%        2
 Mephitic Cloud           Conj/Pois/Air  0%         N/A       100%        3
 Ozocubu's Armour         Ice            0%         N/A       100%        3
 Spider Form              Tmut/Pois      0%         N/A       100%        3
 Airstrike                Air            0%         2d(0-16)  100%        4
 Anguish                  Hex/Necr       0%         N/A       100%        4
 Flame Wave               Conj/Fire      0%         2d4       100%        4
 Leda's Liquefaction      Hex/Erth       0%         N/A       100%        4
 Manifold Assault         Tloc           0%         N/A       100%        4
 Summon Lightning Spire   Summ/Air       0%         N/A       100%        4
 Lee's Rapid Deconstruct  Erth           0%         3d4*      100%        5
 Lightning Bolt           Conj/Air       0%         1d11      100%        5
 Dispersal                Tloc           0%         N/A       100%        6
 Statue Form              Tmut/Erth      0%         N/A       100%        6
 Summon Cactus Giant      Summ           0%         N/A       100%        6
 Ozocubu's Refrigeration  Ice            0%         4d7       100%        7
 Disjunction              Tloc           0%         N/A       100%        8
 Swiftness                Air            Unusable   N/A       N/A         3

Dungeon Overview and Level Annotations

Branches:
Dungeon (11/15)            Temple (1/1) D:6            Lair (0/5) D:9
    Orc (0/2) D:11        Ossuary (visited)          Bailey (visited)

Altars:
Ashenzari
Cheibriados
Dithmenos
Elyvilon
Fedhas
Gozag
Hepliaklqana
Kikubaaqudgha
Makhleb
Nemelex Xobeh
Okawaru
Qazlal
Ru
Sif Muna
Trog
Uskayaw
Vehumet
Wu Jian
Xom
Yredelemnul
Zin
The Shining One

Shops:
D:3 *


Innate Abilities, Weirdness & Mutations

You cannot be hasted, slowed, berserked, paralysed or teleported.
You can dig through walls and to a lower floor.
You have a pair of large antennae on your head. (SInv)
Your four strong arms can wield two-handed weapons with a shield.


Message History

* * * LOW HITPOINT WARNING * * *
You are engulfed in flames!!
* * * LOW HITPOINT WARNING * * *
Your orc zombie misses the sun demon.
Unknown command.
Okay, then.
Okay, then.
Okay, then.
Throw: 40 darts (poison)
Press: ? - help, Q - select action, (/) - cycle Shift-Dir - straight line, f - ufetubus
Aim: an ufetubus (summoned, 48% to hit)
Okay, then.
Okay, then.
As you read the scroll of fear, it crumbles to dust.
You assume a fearsome visage.
The red devil looks frightened!
The hellwing looks frightened!
The sun demon looks frightened!
The chaos spawn looks frightened!
The smoke demon looks frightened!
The iron imp looks frightened!
The ufetubus looks frightened!
The quasit looks frightened! x2; The crimson imp looks frightened!
The ufetubus looks frightened!
The kobold looks frightened!
The kobold brigand looks frightened!
The kobold looks frightened!
The kobold demonologist looks frightened! x2
The vampire is unaffected.
The crimson imp blinks!
Your orc wizard zombie hits the kobold demonologist but does no damage.
The vampire barely misses you. The vampire closely misses you.
The sun demon misses your orc wizard zombie.
Are you sure you want to shaft yourself?
Your orc zombie hits the sun demon but does no damage.
The hellwing swoops through the air toward you!
The hellwing hits you but does no damage. x2
The sun demon hits your orc wizard zombie!
Your orc wizard zombie is engulfed in flames!
Your orc wizard zombie is destroyed!
You block the vampire's attack. x2
You begin to dig a shaft.
You continue digging a shaft.
The vampire hits you.
* * * LOW HITPOINT WARNING * * *
The vampire bites you.
You die...
Your body rises from the dead as a mindless zombie.

#...#.##.##.......###
...........Z..>...$#
#...##.....#..?$[#
#.#.##.##..#..##.# # ###
#......4.Z.......# ###.#
######.##.#####.....# ....###
#...K.###.).K5#..##.#
.##..Z###.....5)V..)..5.....#
.#.#.#Z...3.K...@.).4.#..##.###
Z#.#{###......K.Z.....#.......#
#Z#ZZ# ##..5.K4.3.....#...#...#
#Z##Z# ###########..5......#.#
Z#Z#Z# ######.##...# ##Z#.# #.#
.#.# .#.Z.# #.# # # .#..## #.#
##.#.# #.#


You could see a sun demon (summoned, fleeing), a hellwing (summoned, fleeing), 2
kobold demonologists, a smoke demon (summoned, fleeing), a chaos spawn
(summoned, fleeing), a vampire (invisible), a red devil (summoned, fleeing), a
kobold brigand (fleeing), an iron imp (summoned, fleeing), 2 quasits, 2 ufetubi,
2 kobolds and a friendly orc zombie.

Vanquished Creatures
  Erica (D:9)
  A centaur warrior (D:10)
  3 two-headed ogres
  An ugly thing (D:7)
  A manticore (D:10)
  A cyclops (D:10)
  An unseen horror (D:7)
  Maggie (D:8)
  4 kobold demonologists (D:11)
  A rime drake (D:9)
  A freezing wraith (D:10)
  A troll (D:10)
  2 hornets (D:9)
  2 wyverns
  4 shadows
  A wraith (D:10)
  15 yaks (D:10)
  3 steam dragons
  3 vampire mosquitoes
  An acid dragon (D:10)
  2 water moccasins
  A sky beast (D:7)
  8 ice beasts
  10 orc warriors
  3 ogres
  A wolf (D:9)
  4 centaurs
  3 phantoms
  6 kobold brigands
  3 bullfrogs
  A bullfrog (shapeshifter) (D:10)
  A gnoll sergeant (D:6)
  3 necrophages (D:6)
  8 wights
  4 killer bees (D:9)
  12 howler monkeys
  2 hounds (D:5)
  2 jellies
  4 orc priests
  Crazy Yiuf (D:3)
  A gnoll bouda (D:5)
  13 orc wizards
  3 iguanas
  9 mummies
  12 gnolls
  6 adders
  A shadow imp (D:7)
  A white imp (D:7)
  An ufetubus (D:7)
  2 dart slugs
  32 orcs
  10 ball pythons
  4 endoplasms
  7 giant cockroaches
  5 gnoll zombies (Ossuary)
  12 goblins
  6 hobgoblins
  4 jackals (D:1)
  2 quokkas (D:2)
  5 bats
  4 frilled lizards
  A goblin zombie (D:5)
  23 kobolds
  A kobold zombie (Ossuary)
  3 orc zombies
  6 rats
  A spectral kobold (D:2)
302 creatures vanquished.

Vanquished Creatures (collateral kills)
  A deep elf pyromancer (D:10)
  A manticore (D:10)
  A komodo dragon (D:10)
  A vampire mosquito (D:11)
  An ogre (D:11)
  A howler monkey (D:10)
  An orc wizard (D:11)
  3 orcs (D:11)
  A hobgoblin (D:11)
11 creatures vanquished.

Vanquished Creatures (others)
  3 centaur zombies (D:10)
  A two-headed ogre zombie (D:11)
  An orc warrior (Bailey)
  A manticore zombie (D:10)
  An elf zombie (D:10)
  4 vampire mosquito zombies
  A komodo dragon zombie (D:10)
  A wyvern zombie (D:10)
  A cyclops zombie (D:10)
  A yak zombie (D:10)
  4 kobold zombies (D:11)
  An orc wizard (D:3)
  An acid dragon zombie (D:10)
  2 ogre zombies (D:11)
  A howler monkey zombie (D:10)
  13 orc zombies
  2 fungi (D:7)
39 creatures vanquished.

Grand Total: 352 creatures vanquished

Notes
Turn   | Place    | Note
-------+----------+-------------------------------------------
     0 | D:1      | Bnni the Formicid Fighter began the quest for the Orb.
     0 | D:1      | Reached XP level 1. HP: 18/18 MP: 1/1
    29 | D:1      | Reached XP level 2. HP: 24/24 MP: 2/2
   702 | D:2      | Reached XP level 3. HP: 21/29 MP: 3/3
   745 | D:2      | Reached XP level 4. HP: 7/37 MP: 4/4
  1081 | D:2      | Reached skill level 3 in Polearms
  1081 | D:2      | Reached skill level 5 in Shields
  1249 | D:2      | Found a faded altar of an unknown god.
  1395 | D:3      | Found a shimmering blue altar of Sif Muna.
  1436 | D:3      | Reached XP level 5. HP: 37/42 MP: 5/5
  1499 | D:3      | Found Panuhorph's General Store.
  1819 | D:3      | Found a runed translucent door.
  1820 | D:3      | Noticed Crazy Yiuf
  1828 | D:3      | Killed Crazy Yiuf
  1829 | D:3      | Reached skill level 4 in Polearms
  2134 | D:4      | Noticed an ogre
  2144 | D:4      | Killed an ogre
  2145 | D:4      | Reached XP level 6. HP: 23/49 MP: 6/6
  2491 | D:4      | Reached skill level 5 in Polearms
  2852 | D:4      | Found an ancient bone altar of Kikubaaqudgha.
  2857 | D:4      | Found a hide-covered altar of Uskayaw.
  3138 | D:5      | Entered Level 5 of the Dungeon
  3140 | D:5      | Noticed an ogre
  3147 | D:5      | Killed an ogre
  3148 | D:5      | Reached skill level 5 in Fighting
  3148 | D:5      | Reached XP level 7. HP: 53/56 MP: 7/7
  3172 | D:5      | Found an opulent altar of Gozag.
  3272 | D:5      | Reached skill level 6 in Polearms
  3559 | D:5      | Found a sand-covered staircase.
  3574 | Ossuary  | Entered an ossuary
  3735 | Ossuary  | Reached XP level 8. HP: 59/64 MP: 8/8
  3959 | D:5      | Found a snail-covered altar of Cheibriados.
  4117 | D:5      | Reached skill level 7 in Polearms
  4369 | D:6      | Reached skill level 8 in Polearms
  4475 | D:6      | Reached XP level 9. HP: 69/72 MP: 9/9
  4888 | D:6      | Found a burning altar of Makhleb.
  4933 | D:6      | Found a staircase to the Ecumenical Temple.
  4939 | Temple   | Entered the Ecumenical Temple
  5054 | D:7      | Reached skill level 9 in Polearms
  5175 | D:7      | Found an iron altar of Okawaru.
  5214 | D:7      | Found a flagged portal.
  5219 | Bailey   | Entered a bailey
  5481 | Bailey   | Reached skill level 10 in Polearms
  5485 | Bailey   | HP: 2/74 [kobold brigand/+0 war axe (6)]
  5713 | Bailey   | Identified the +4 flail of Moderation {speed, rC+ MP+9
                  | SInv}
  5774 | Bailey   | Found a burning altar of Makhleb.
  5911 | D:7      | Reached XP level 10. HP: 74/80 MP: 10/10
  6132 | D:7      | Found a faded altar of an unknown god.
  6227 | D:7      | Noticed a purple ugly thing
  6230 | D:7      | Noticed an unseen horror
  6237 | D:7      | Killed a purple ugly thing
  6238 | D:7      | Reached skill level 11 in Polearms
  6263 | D:7      | Killed an unseen horror
  6654 | D:3      | Bought an amulet of faith for 400 gold pieces
  7641 | D:8      | Noticed Maggie
  7655 | D:8      | Killed Maggie
  8022 | D:9      | Noticed Erica
  8034 | D:9      | Killed Erica
  8035 | D:9      | Reached skill level 12 in Polearms
  8035 | D:9      | Reached XP level 11. HP: 84/90 MP: 11/11
  8242 | D:9      | Noticed a two-headed ogre
  8249 | D:9      | Killed a two-headed ogre
  8250 | D:9      | Reached skill level 10 in Fighting
  8356 | D:9      | Reached skill level 10 in Shields
  8493 | D:9      | Found a sacrificial altar of Ru.
  8531 | D:9      | Found a glowing silver altar of Zin.
  8536 | D:9      | Found a glowing golden altar of the Shining One.
  8538 | D:9      | Found a white marble altar of Elyvilon.
  8596 | D:9      | Found a staircase to the Lair.
  8753 | D:9      | Reached skill level 13 in Polearms
  9048 | D:10     | Entered Level 10 of the Dungeon
  9405 | D:10     | Noticed a two-headed ogre
  9413 | D:10     | Killed a two-headed ogre
  9427 | D:10     | Reached XP level 12. HP: 49/100 MP: 12/12
  9586 | D:10     | Found a basalt altar of Yredelemnul.
  9587 | D:10     | Found a blossoming altar of Fedhas.
  9588 | D:10     | Found a radiant altar of Vehumet.
  9588 | D:10     | Found a sparkling altar of Nemelex Xobeh.
  9589 | D:10     | Found a broken altar of Ashenzari.
  9599 | D:10     | Became a worshipper of Yredelemnul the Dark
  9726 | D:10     | Reached * piety under Yredelemnul
  9907 | D:10     | Reached skill level 1 in Invocations
  9928 | D:10     | Reached ** piety under Yredelemnul
  9929 | D:10     | Reached skill level 14 in Polearms
  9950 | D:10     | Reached *** piety under Yredelemnul
  9974 | D:10     | Noticed a centaur warrior
  9983 | D:10     | Killed a centaur warrior
  9983 | D:10     | Reached **** piety under Yredelemnul
 10007 | D:10     | Reached ***** piety under Yredelemnul
 10145 | D:10     | HP: 2/102 [freezing wraith (20)]
 10572 | D:11     | Noticed a two-headed ogre
 10576 | D:11     | Killed a two-headed ogre
 10609 | D:11     | Found a staircase to the Orcish Mines.
 10734 | D:11     | Reached skill level 15 in Polearms
 10752 | D:11     | Noticed a sun demon
 10759 | D:11     | Reached skill level 5 in Invocations
 10760 | D:11     | Noticed a sun demon
 10769 | D:11     | HP: 5/102 [vampire (4)]
 10769 | D:11     | Slain by a vampire

Illustrated notes

Levels and vault maps discovered:
D:1:      moated_graveyard_arrival, layout_loops_ring, minmay_misc_feat_five,
          nrook_mini_backslash
D:2:      layout_basic, dreamdust_ecumenical_altar_drowned_temple,
          minmay_misc_feat_roman
D:3:      minmay_skewed_foursquare, layout_rooms, led_sif_book, serial_shops,
          nicolae_shop_hallway_stairs, uniq_crazy_yiuf_cottage
D:4:      layout_loops_corners, minitemple, minmay_curled_crystal
D:5:      layout_rooms, mainiacjoe_overflow_alcove_2, grunt_gozag_statues,
          nicolae_ossuary_entry_giza, kennysheep_generic_room_7
D:6:      layout_cave_pools, lemuel_crystal_altar,
          minmay_temple_entry_enclosed_plants, serial_bayou_crossing
D:7:      layout_cave_pools, mainiacjoe_overflow_chevrons, serial_column_ruins,
          column_ruins_temple_hut, column_ruins_open_small, column_ruins_grid_1,
          column_ruins_columns_corner, column_ruins_grid_1,
          column_ruins_columns_straight, column_ruins_open_medium,
          column_ruins_columns_dead_end, enter_bailey_3,
          minmay_manual_mandibuliform
D:8:      layout_layer_cave, uniq_maggie
D:9:      layout_long_grid, good_gods_temple_1, nicolae_ru_path_of_blood,
          hellmonk_lair_entry_icy, uniq_erica
D:10:     minmay_the_grid_square_5x5_3x3
          [minmay_the_grid_square_5x5_spiral_small,
          minmay_the_grid_square_5x5_fancy_junction,
          minmay_the_grid_square_5x5_mess,
          minmay_the_grid_square_5x5_pentomino_r,
          minmay_the_grid_square_5x5_megaprize_crossed,
          minmay_the_grid_square_5x5_seven, minmay_the_grid_square_5x5_eight,
          minmay_the_grid_square_5x5_inset, minmay_the_grid_square_5x5_inner_i],
          layout_rooms, grunt_temple_overflow_open
D:11:     layout_basic, erik_orc_3, minmay_liquid_box, guppyfry_shop_earth
Temple:   hellmonk_temple_micro_hex

Skill      XL: |  1  2  3  4  5  6  7  8  9 10 11 12 |
---------------+-------------------------------------+-----
Polearms       | 3 4 5 6 8 10 12 13 15 | 15.1
Shields        | 5 7 9 10 | 10.0
Fighting       | 4 5 7 8 9 11 12 | 12.2
Invocations    | 5 |  5.0
Armour         | |  3.2

Action                   |  1- 3 |  4- 6 |  7- 9 | 10-12 || total
-------------------------+-------+-------+-------+-------++-------
Melee: Trident           |    79 |   212 |   312 |       ||   603
       Halberd           |       |       |   142 |   620 ||   762
Throw: Dart              |       |     3 |     7 |    20 ||    30
Invok: Recall Undead Har |       |       |       |     6 ||     6
       Dark Bargain      |       |       |       |     1 ||     1
 Abil: Dig               |       |       |     3 |       ||     3
       Shaft Self        |       |       |       |     1 ||     1
Evoke: Wand              |       |       |     2 |       ||     2
       Phial of floods   |       |       |       |     1 ||     1
  Use: Scroll            |       |     5 |    11 |    10 ||    26
       Potion            |       |       |     2 |     3 ||     5
 Stab: Distracted        |       |       |       |     2 ||     2
Armor: Scale mail        |    32 |       |       |       ||    32
       Plate armour      |    45 |   134 |   211 |   190 ||   580
Dodge: Dodged            |    30 |    52 |   243 |   171 ||   496
Block: Buckler           |    32 |    45 |   118 |    18 ||   213
       Kite shield       |       |       |       |   226 ||   226

Table legend: (Time is in decaauts)
 A = Elapsed time spent in this place.
 B = Non-inter-level travel time spent in this place.
 C = Inter-level travel time spent in this place.
 D = Time resting spent in this place.
 E = Time spent auto-exploring this place.
 F = Levels seen in this place.
 G = Mean time per level.
                   A        B        C        D        E       F      G
               +--------+--------+--------+--------+--------+-----+--------+
         Total |  10799 |  10367 |    432 |   1159 |   6389 |  14 |  771.4 |
       Dungeon |   9879 |   9447 |    432 |    822 |   6308 |  11 |  898.1 |
        Temple |      1 |      1 |      0 |      0 |      0 |   1 |    1.0 |
       Ossuary |    294 |    294 |      0 |     49 |     51 |   1 |  294.0 |
        Bailey |    623 |    623 |      0 |    288 |     30 |   1 |  623.0 |
               +--------+--------+--------+--------+--------+-----+--------+

Top non-repeatable levels by time:
    D:10: 1417 daAuts
     D:8: 1283 daAuts
     D:4: 1061 daAuts
     D:9: 1046 daAuts
     D:7: 988 daAuts
     D:6: 855 daAuts
     D:1: 820 daAuts
     D:5: 778 daAuts
     D:3: 760 daAuts
  Bailey: 623 daAuts
     D:2: 601 daAuts
 Ossuary: 294 daAuts
    D:11: 264 daAuts
  Temple: 1 daAuts
